Senators vs Canadiens

Created - Thursday, April 14, 2016 at 00:35

Goals
1 2 3 T
Senators 0 0 3 3
Canadiens 1 0 0 1
Shots
1 2 3 T
Senators 7 11 14 32
Canadiens 20 7 8 35

1st period

1. Canadiens , Radim Vrbata 1 (Justin Abdelkader, Alex Goligoski) at 0:20

Penalties :
Dion Phaneuf (Ott) for Slashing (Minor) at 2:21, Dion Phaneuf (Ott) for Elbowing (Minor) at 5:31, Jaromir Jagr (Mon) for Holding (Minor) at 9:36, Valeri Nichushkin (Ott) for Hooking (Minor) at 15:20, Kevin Bieksa (Mon) for Tripping (Minor) at 17:44

2nd period

No Goal

Penalties :
Dion Phaneuf (Ott) for Holding (Minor) at 1:21, Boone Jenner (Ott) for Hooking (Minor) at 2:14, Dave Bolland (Ott) for Holding (Minor) at 12:48, Ben Lovejoy (Mon) for Roughing (Minor) at 18:07

3rd period

2. Senators , Johnny Oduya 1 (Jake Gardiner, Steve Downie) at 5:11
3. Senators , Jarome Iginla 1 (Jonathan Toews, Tyler Myers) at 5:26
4. Senators , Jarome Iginla 2 (Jonathan Toews) at 18:04 (PP)

Penalties :
Valeri Nichushkin (Ott) for High sticking (Minor) at 9:45, Kevin Bieksa (Mon) for Hooking (Minor) at 13:25, Ryan Callahan (Mon) for Roughing (Minor) at 18:03

Goalie Stats

Steve Mason (Ott), 34 saves from 35 shots - (0.971), W, 1-0-0, 60:00 minutes
Pekka Rinne (Mon), 29 saves from 32 shots - (0.906), L, 0-1-0, 60:00 minutes

Players Stats for Senators

Player Name              G  A  P  +/- PIM S  H  SB GA TA FO     MP     PP MP  PK MP  
------------------------------------------------------------------------------------
Boone Jenner             0  0  0   0  2   3  1  0  1  1  9/20   20:19   2:50   7:38 
Dave Bolland             0  0  0   1  2   1  0  1  0  0  1/5    11:02   0:00   2:57 
Dion Phaneuf             0  0  0  -1  6   0  5  1  0  1  0/0    23:37   3:49   3:41 
Jake Gardiner            0  1  1   1  0   2  0  1  0  1  0/0    11:29   0:00   0:00 
Jarome Iginla            2  0  2   0  0   2  1  0  1  1  0/0    14:28   5:07   0:00 
Joe Colborne             0  0  0   0  0   2  1  0  0  0  0/1     9:53   0:00   0:52 
Johnny Boychuk           0  0  0  -1  0   0  1  3  0  3  0/0    25:00   3:49   7:22 
Johnny Oduya             1  0  1   1  0   2  0  0  0  1  0/0    13:11   0:00   1:32 
Jonathan Toews           0  2  2   0  0   5  1  0  1  0  13/22  15:52   5:07   1:19 
Kyle Chipchura           0  0  0   1  0   1  0  1  0  0  0/1    10:44   0:00   3:00 
Kyle Turris              0  0  0   0  0   4  0  0  0  1  3/12   15:27   2:50   0:00 
Loui Eriksson            0  0  0   0  0   5  0  0  2  0  0/0    18:13   5:07   0:00 
Michael Grabner          0  0  0   0  0   1  0  0  0  0  0/1    17:36   0:00   8:28 
Phil Kessel              0  0  0   0  0   1  2  0  4  0  0/1    15:27   2:50   0:00 
Steve Downie             0  1  1   1  0   2  1  0  1  0  0/0     6:59   0:00   0:00 
Tyler Myers              0  1  1   1  0   0  0  1  1  2  0/0    23:31   4:08   5:25 
Valeri Nichushkin        0  0  0   0  4   0  0  0  0  0  0/1     9:24   0:00   0:00 
Zach Bogosian            0  0  0   1  0   1  1  3  0  0  0/0    23:48   4:08   7:47 

Players Stats for Canadiens

Player Name              G  A  P  +/- PIM S  H  SB GA TA FO     MP     PP MP  PK MP  
------------------------------------------------------------------------------------
Alex Goligoski           0  1  1   0  0   5  0  3  0  0  0/0    27:28   6:32   5:59 
Ben Lovejoy              0  0  0   0  2   2  0  1  0  0  0/0    19:19   6:15   1:50 
Braydon Coburn           0  0  0  -1  0   1  2  5  0  2  0/0    23:43   6:15   5:59 
Dennis Seidenberg        0  0  0   0  0   1  2  1  0  0  0/0    14:21   0:00   1:58 
Francois Beauchemin      0  0  0  -1  0   1  0  2  0  0  0/0    21:37   6:32   0:08 
Gregory Campbell         0  0  0   0  0   2  1  2  1  1  1/4    11:57   0:00   6:11 
Jaromir Jagr             0  0  0   0  2   1  0  0  2  0  0/0    14:02   0:00   0:17 
Joe Thornton             0  0  0   0  0   4  0  2  1  0  8/14   21:09   5:24   1:38 
Jordie Benn              0  0  0   0  0   0  0  1  0  0  0/0     5:28   0:00   0:00 
Justin Abdelkader        0  1  1   0  0   3  2  0  0  1  0/0    20:32   5:24   1:38 
Kevin Bieksa             0  0  0   0  4   1  1  0  2  0  0/0     9:53   0:00   0:00 
Mathieu Perreault        0  0  0  -1  0   4  2  0  4  0  0/0    18:19   7:23   0:08 
Maxim Lapierre           0  0  0   0  0   1  1  0  0  0  11/18  15:55   0:00   6:02 
Mike Ribeiro             0  0  0  -1  0   4  1  0  2  0  16/25  18:11   7:23   0:00 
Patrick Dwyer            0  0  0   0  0   0  0  1  0  0  0/0     5:05   0:00   0:00 
Patrick Eaves            0  0  0   0  0   2  1  1  1  1  0/0     9:12   0:00   0:00 
Radim Vrbata             1  0  1   0  0   2  2  0  1  0  1/2    17:37   5:24   0:00 
Ryan Callahan            0  0  0  -1  2   1  3  0  1  0  1/1    18:10   7:23   0:00 

3 Stars

1 - Steve Mason (Ott)
2 - Jarome Iginla (Ott)
3 - Radim Vrbata (Mon)

Power Play

Senators - 1 on 5 Attempt(s) - 20.00%
Canadiens - 0 on 7 Attempt(s) - 0.00%

Penalty Kill

Senators - 7 on 7 Attempt(s) - 100.00% - Score 0 goal in Penalty Kill
Canadiens - 4 on 5 Attempt(s) - 80.00% - Score 0 goal in Penalty Kill

Team Stat

Senators - Hits : 14 - Faceoff Wins : 26 - Blocked Shots : 11 - Penalty Minutes : 14
Canadiens - Hits : 18 - Faceoff Wins : 38 - Blocked Shots : 19 - Penalty Minutes : 10

Official

Referees : Unknown
Linesman : Unknown

Game Notes

5:11 of 3rd period - Senators goal is going for a video replay. After video review, Goal.

Finance

Level 1 -- Attendance: 6000 (100.00%) -- Ticket Income $492,000
Level 2 -- Attendance: 5000 (100.00%) -- Ticket Income $250,000
Level 3 -- Attendance: 2000 (100.00%) -- Ticket Income $56,000
Level 4 -- Attendance: 3938 (98.45%) -- Ticket Income $66,946
Luxury Box -- Attendance: 1000 (100.00%) -- Ticket Income $175,000
Game was played at the Bell Centre.
Total Attendance: 17938 (99.66%)
Total Ticket Income: $1,039,946
Other Income: $509,574
Total Income: $1,549,520

Senators

5 vs 5 Forward 
   Center                   Left Wing                Right Wing               Time % Phy DF OF 
 1 Jonathan Toews           Michael Grabner          Jarome Iginla            35     1   2  2  
 2 Kyle Turris              Loui Eriksson            Phil Kessel              30     1   2  2  
 3 Boone Jenner             Valeri Nichushkin        Joe Colborne             22     1   2  2  
 4 Dave Bolland             Steve Downie             Kyle Chipchura           13     1   2  2  

5 vs 5 Defense 
   Defense                  Defense                                           Time % Phy DF OF 
 1 Dion Phaneuf             Johnny Boychuk                                    35     1   2  2  
 2 Zach Bogosian            Tyler Myers                                       30     1   2  2  
 3 Jake Gardiner            Johnny Oduya                                      22     1   2  2  
 4 Dion Phaneuf             Tyler Myers                                       13     1   2  2  

PowerPlay Forward 
   Center                   Left Wing                Right Wing               Time % Phy DF OF 
 1 Jonathan Toews           Loui Eriksson            Jarome Iginla            60     1   2  2  
 2 Kyle Turris              Boone Jenner             Phil Kessel              40     1   2  2  

PowerPlay Defense
   Defense                  Defense                                           Time % Phy DF OF 
 1 Dion Phaneuf             Johnny Boychuk                                    60     1   2  2  
 2 Zach Bogosian            Tyler Myers                                       40     1   2  2  

Penalty Kill 4 Players Forward 
   Center                   Wing                     Time % Phy DF OF 
 1 Boone Jenner             Michael Grabner          60     1   2  2  
 2 Dave Bolland             Kyle Chipchura           40     1   2  2  

Penalty Kill 4 Players Defense
   Defense                  Defense                  Time % Phy DF OF 
 1 Dion Phaneuf             Johnny Boychuk           60     1   2  2  
 2 Zach Bogosian            Tyler Myers              40     1   2  2  

Penalty Kill - 3 Players Forward 
   Forward                                           Time % Phy DF OF 
 1 Jonathan Toews                                    60     1   2  2  
 2 Jarome Iginla                                     40     1   2  2  

Penalty Kill - 3 Players Defense
   Defense                  Defense                  Time % Phy DF OF 
 1 Dion Phaneuf             Johnny Boychuk           60     1   2  2  
 2 Zach Bogosian            Tyler Myers              40     1   2  2  

4 vs 4 Forward 
   Center                   Wing                     Time % Phy DF OF 
 1 Jonathan Toews           Jarome Iginla            60     1   2  2  
 2 Kyle Turris              Phil Kessel              40     1   2  2  

4 vs 4 Defense
   Defense                  Defense                  Time % Phy DF OF 
 1 Dion Phaneuf             Tyler Myers              60     1   2  2  
 2 Johnny Boychuk           Zach Bogosian            40     1   2  2  

Last Minutes Offensive
   Center                   Left Wing                Right Wing               Defense                  Defense                  
   Jonathan Toews           Loui Eriksson            Jarome Iginla            Dion Phaneuf             Johnny Boychuk           

Last Minutes Defensive
   Center                   Left Wing                Right Wing               Defense                  Defense                  
   Jonathan Toews           Loui Eriksson            Jarome Iginla            Dion Phaneuf             Tyler Myers              

Goaltenders
Starting : Steve Mason              
Backup : Jacob Markstrom          

Extra Forwards
Normal : Jonathan Toews, Michael Grabner, Dave Bolland - PP : Jonathan Toews, Michael Grabner - PK : Dave Bolland
Extra Defensemen
Normal : Tyler Myers, Zach Bogosian, Dion Phaneuf - PP : Tyler Myers - PK : Zach Bogosian, Dion Phaneuf
Penalty Shots
Jonathan Toews, Jarome Iginla, Kyle Turris, Phil Kessel, Loui Eriksson

Canadiens

5 vs 5 Forward 
   Center                   Left Wing                Right Wing               Time % Phy DF OF 
 1 Joe Thornton             Justin Abdelkader        Radim Vrbata             33     1   1  3  
 2 Mike Ribeiro             Mathieu Perreault        Ryan Callahan            32     1   1  3  
 3 Maxim Lapierre           Patrick Eaves            Jaromir Jagr             25     1   1  3  
 4 Gregory Campbell         Patrick Dwyer            Jaromir Jagr             10     1   2  2  

5 vs 5 Defense 
   Defense                  Defense                                           Time % Phy DF OF 
 1 Alex Goligoski           Dennis Seidenberg                                 37     1   2  2  
 2 Francois Beauchemin      Braydon Coburn                                    31     1   2  2  
 3 Kevin Bieksa             Ben Lovejoy                                       23     1   3  1  
 4 Francois Beauchemin      Jordie Benn                                       9      1   2  2  

PowerPlay Forward 
   Center                   Left Wing                Right Wing               Time % Phy DF OF 
 1 Joe Thornton             Justin Abdelkader        Radim Vrbata             55     1   1  3  
 2 Mike Ribeiro             Mathieu Perreault        Ryan Callahan            45     1   1  3  

PowerPlay Defense
   Defense                  Defense                                           Time % Phy DF OF 
 1 Alex Goligoski           Francois Beauchemin                               60     1   1  3  
 2 Ben Lovejoy              Braydon Coburn                                    40     1   2  2  

Penalty Kill 4 Players Forward 
   Center                   Wing                     Time % Phy DF OF 
 1 Maxim Lapierre           Gregory Campbell         60     1   3  1  
 2 Joe Thornton             Justin Abdelkader        40     1   3  1  

Penalty Kill 4 Players Defense
   Defense                  Defense                  Time % Phy DF OF 
 1 Braydon Coburn           Alex Goligoski           60     1   3  1  
 2 Ben Lovejoy              Dennis Seidenberg        40     1   3  1  

Penalty Kill - 3 Players Forward 
   Forward                                           Time % Phy DF OF 
 1 Maxim Lapierre                                    60     1   3  1  
 2 Gregory Campbell                                  40     1   3  1  

Penalty Kill - 3 Players Defense
   Defense                  Defense                  Time % Phy DF OF 
 1 Braydon Coburn           Alex Goligoski           60     1   3  1  
 2 Ben Lovejoy              Dennis Seidenberg        40     1   3  1  

4 vs 4 Forward 
   Center                   Wing                     Time % Phy DF OF 
 1 Mike Ribeiro             Justin Abdelkader        60     1   2  2  
 2 Mathieu Perreault        Ryan Callahan            40     1   2  2  

4 vs 4 Defense
   Defense                  Defense                  Time % Phy DF OF 
 1 Alex Goligoski           Dennis Seidenberg        60     1   2  2  
 2 Braydon Coburn           Francois Beauchemin      40     1   2  2  

Last Minutes Offensive
   Center                   Left Wing                Right Wing               Defense                  Defense                  
   Joe Thornton             Justin Abdelkader        Radim Vrbata             Alex Goligoski           Francois Beauchemin      

Last Minutes Defensive
   Center                   Left Wing                Right Wing               Defense                  Defense                  
   Joe Thornton             Maxim Lapierre           Gregory Campbell         Alex Goligoski           Braydon Coburn           

Goaltenders
Starting : Pekka Rinne              
Backup : Curtis McElhinney        

Extra Forwards
Normal : Jaromir Jagr, Mathieu Perreault, Joe Thornton - PP : Jaromir Jagr, Mike Ribeiro - PK : Jaromir Jagr
Extra Defensemen
Normal : Francois Beauchemin, Braydon Coburn, Alex Goligoski - PP : Dennis Seidenberg - PK : Francois Beauchemin, Alex Goligoski
Penalty Shots
Radim Vrbata, Maxim Lapierre, Justin Abdelkader, Mike Ribeiro, Joe Thornton

% Time on Ice - Senators

Lines # - Real PCT - Wanted PCT - Time Play
Normal Forward
1 - 25% - 35% - 9:54
2 - 34% - 30% - 13:22
3 - 23% - 22% - 9:01
4 - 18% - 13% - 6:59
Normal Defense
1 - 35% - 35% - 13:49
2 - 29% - 30% - 11:33
3 - 29% - 22% - 11:29
4 - 6% - 13% - 2:25
PP Forward
1 - 64% - 60% - 5:07
2 - 36% - 40% - 2:50
PP Defense
1 - 48% - 60% - 3:49
2 - 52% - 40% - 4:08
PK Forward
1 - 74% - 60% - 8:41
2 - 26% - 40% - 3:00
PK Defense
1 - 54% - 60% - 6:16
2 - 46% - 40% - 5:25
PK3 Forward
1 - 100% - 60% - 1:06
2 - 0% - 40% - 0:00
PK3 Defense
1 - 100% - 60% - 1:06
2 - 0% - 40% - 0:00
44 Forward
1 - 0% - 60%
2 - 0% - 40%
44 Defense
1 - 0% - 60%
2 - 0% - 40%
Last Minute Offensive  - 0:00
Last Minute Defensive  - 0:00
Total
Forward - 60:00
Defense - 60:00

% Time on Ice - Canadiens

Lines # - Real PCT - Wanted PCT - Time Play
Normal Forward
1 - 33% - 33% - 12:54
2 - 31% - 32% - 12:05
3 - 23% - 25% - 9:12
4 - 13% - 10% - 5:05
Normal Defense
1 - 38% - 37% - 14:57
2 - 26% - 31% - 10:07
3 - 22% - 23% - 8:44
4 - 14% - 9% - 5:28
PP Forward
1 - 42% - 55% - 5:24
2 - 58% - 45% - 7:23
PP Defense
1 - 51% - 60% - 6:32
2 - 49% - 40% - 6:15
PK Forward
1 - 79% - 60% - 6:19
2 - 21% - 40% - 1:38
PK Defense
1 - 75% - 60% - 5:59
2 - 25% - 40% - 1:58
PK3 Forward
1 - 0% - 60%
2 - 0% - 40%
PK3 Defense
1 - 0% - 60%
2 - 0% - 40%
44 Forward
1 - 0% - 60%
2 - 0% - 40%
44 Defense
1 - 0% - 60%
2 - 0% - 40%
Last Minute Offensive  - 0:00
Last Minute Defensive  - 0:00
Total
Forward - 60:00
Defense - 60:00

Play by Play

1st period


0:01 of 1st period - Jonathan Toews wins face-off versus Joe Thornton in neutral zone.
0:18 of 1st period - Snap shot by Justin Abdelkader.
0:18 of 1st period - Shot Blocked by Johnny Boychuk.
0:20 of 1st period - Wrist shot by Radim Vrbata.
0:20 of 1st period - Goal by Radim Vrbata - Senators : 0 - Canadiens : 1.
0:21 of 1st period - Kyle Turris wins face-off versus Mike Ribeiro in neutral zone.
0:51 of 1st period - Snap shot by Ryan Callahan.
0:51 of 1st period - Shot Misses the Net.
0:53 of 1st period - Slapshot by Francois Beauchemin.
0:53 of 1st period - Shot Misses the Net.
0:55 of 1st period - Slapshot by Braydon Coburn.
0:55 of 1st period - Shot Hit the Post.
0:57 of 1st period - Slapshot by Braydon Coburn.
0:57 of 1st period - Deflect By Loui Eriksson.
0:57 of 1st period - Stopped by Steve Mason without a rebound.
0:58 of 1st period - Boone Jenner wins face-off versus Maxim Lapierre in Senators zone.
1:11 of 1st period - Slapshot by Valeri Nichushkin.
1:11 of 1st period - Shot Misses the Net.
1:27 of 1st period - Snap shot by Patrick Eaves.
1:27 of 1st period - Stopped by Steve Mason without a rebound.
1:28 of 1st period - Joe Thornton wins face-off versus Dave Bolland in Senators zone.
1:39 of 1st period - Slapshot by Joe Thornton.
1:39 of 1st period - Shot Misses the Net.
1:41 of 1st period - Slapshot by Alex Goligoski.
1:41 of 1st period - Shot Misses the Net.
1:43 of 1st period - Wrist shot by Joe Thornton.
1:43 of 1st period - Shot Blocked by Dion Phaneuf.
1:45 of 1st period - Wrist shot by Dennis Seidenberg.
1:45 of 1st period - Shot Blocked by Kyle Chipchura.
1:47 of 1st period - Slapshot by Dennis Seidenberg.
1:47 of 1st period - Deflect By Radim Vrbata.
1:47 of 1st period - Shot Misses the Net.
1:47 of 1st period - Puck is out of play.
1:48 of 1st period - Dave Bolland wins face-off versus Radim Vrbata in Senators zone.
1:55 of 1st period - Snap shot by Steve Downie.
1:55 of 1st period - Stopped by Pekka Rinne with a rebound.
2:21 of 1st period - Minor Penalty to Dion Phaneuf for Slashing.
2:22 of 1st period - Boone Jenner wins face-off versus Mike Ribeiro in Senators zone.
2:33 of 1st period - Snap shot by Michael Grabner.
2:33 of 1st period - Stopped by Pekka Rinne with a rebound.
2:35 of 1st period - Slapshot by Zach Bogosian.
2:35 of 1st period - Stopped by Pekka Rinne without a rebound.
2:36 of 1st period - Mike Ribeiro wins face-off versus Boone Jenner in Canadiens zone.
3:09 of 1st period - Backhand shot by Michael Grabner.
3:09 of 1st period - Deflect By Alex Goligoski.
3:09 of 1st period - Shot Blocked by Francois Beauchemin.
3:09 of 1st period - Puck is out of play.
3:10 of 1st period - Boone Jenner wins face-off versus Joe Thornton in Canadiens zone.
4:21 of 1st period - Penalty to Dion Phaneuf is over, Dion Phaneuf is back on ice.
4:26 of 1st period - Boone Jenner is hit by Justin Abdelkader.
4:55 of 1st period - Phil Kessel is hit by Braydon Coburn and loses puck.
5:11 of 1st period - Maxim Lapierre is hit by Phil Kessel and loses puck.
5:26 of 1st period - Snap shot by Jaromir Jagr.
5:26 of 1st period - Shot Blocked by Johnny Boychuk.
5:31 of 1st period - Minor Penalty to Dion Phaneuf for Elbowing.
5:32 of 1st period - Mike Ribeiro wins face-off versus Boone Jenner in Senators zone.
5:48 of 1st period - Boone Jenner is hit by Mathieu Perreault and loses puck.
5:55 of 1st period - Wrist shot by Mike Ribeiro.
5:55 of 1st period - Stopped by Steve Mason without a rebound.
5:56 of 1st period - Mike Ribeiro wins face-off versus Boone Jenner in Senators zone.
6:07 of 1st period - Snap shot by Ryan Callahan.
6:07 of 1st period - Shot Blocked by Zach Bogosian.
6:09 of 1st period - Wrist shot by Mathieu Perreault.
6:09 of 1st period - Stopped by Steve Mason without a rebound.
6:10 of 1st period - Mike Ribeiro wins face-off versus Dave Bolland in Senators zone.
6:47 of 1st period - Slapshot by Radim Vrbata.
6:47 of 1st period - Stopped by Steve Mason without a rebound.
6:48 of 1st period - Joe Thornton wins face-off versus Boone Jenner in Senators zone.
7:05 of 1st period - Snap shot by Joe Thornton.
7:05 of 1st period - Stopped by Steve Mason without a rebound.
7:06 of 1st period - Joe Thornton wins face-off versus Dave Bolland in Senators zone.
7:31 of 1st period - Penalty to Dion Phaneuf is over, Dion Phaneuf is back on ice.
9:36 of 1st period - Minor Penalty to Jaromir Jagr for Holding.
9:37 of 1st period - Jonathan Toews wins face-off versus Maxim Lapierre in Canadiens zone.
9:38 of 1st period - Snap shot by Loui Eriksson.
9:38 of 1st period - Shot Blocked by Braydon Coburn.
9:52 of 1st period - Wrist shot by Jonathan Toews.
9:52 of 1st period - Stopped by Pekka Rinne without a rebound.
9:53 of 1st period - Maxim Lapierre wins face-off versus Jonathan Toews in Canadiens zone.
10:11 of 1st period - Snap shot by Jarome Iginla.
10:11 of 1st period - Shot Misses the Net.
10:13 of 1st period - Snap shot by Jonathan Toews.
10:13 of 1st period - Shot Blocked by Gregory Campbell.
10:35 of 1st period - Alex Goligoski is hit by Dion Phaneuf and loses puck.
10:48 of 1st period - Snap shot by Kyle Turris.
10:48 of 1st period - Shot Misses the Net.
11:14 of 1st period - Snap shot by Loui Eriksson.
11:14 of 1st period - Stopped by Pekka Rinne without a rebound.
11:15 of 1st period - Joe Thornton wins face-off versus Jonathan Toews in Canadiens zone.
11:15 of 1st period - Joe Thornton is hit by Dion Phaneuf.
11:33 of 1st period - Slapshot by Justin Abdelkader.
11:33 of 1st period - Deflect By Joe Thornton.
11:33 of 1st period - Stopped by Steve Mason with a rebound.
11:35 of 1st period - Slapshot by Ben Lovejoy.
11:35 of 1st period - Stopped by Steve Mason with a rebound.
11:36 of 1st period - Penalty to Jaromir Jagr is over, Jaromir Jagr is back on ice.
11:37 of 1st period - Wrist shot by Justin Abdelkader.
11:37 of 1st period - Stopped by Steve Mason with a rebound.
11:39 of 1st period - Slapshot by Ben Lovejoy.
11:39 of 1st period - Shot Blocked by Johnny Boychuk.
11:41 of 1st period - Slapshot by Dennis Seidenberg.
11:41 of 1st period - Stopped by Steve Mason without a rebound.
11:42 of 1st period - Mike Ribeiro wins face-off versus Dave Bolland in Senators zone.
11:47 of 1st period - Wrist shot by Mathieu Perreault.
11:47 of 1st period - Stopped by Steve Mason with a rebound.
11:49 of 1st period - Wrist shot by Ben Lovejoy.
11:49 of 1st period - Shot Misses the Net.
11:51 of 1st period - Backhand shot by Kevin Bieksa.
11:51 of 1st period - Stopped by Steve Mason with a rebound.
11:53 of 1st period - Snap shot by Mike Ribeiro.
11:53 of 1st period - Shot Blocked by Zach Bogosian.
11:55 of 1st period - Slapshot by Ben Lovejoy.
11:55 of 1st period - Shot Misses the Net.
11:57 of 1st period - Slapshot by Ben Lovejoy.
11:57 of 1st period - Shot Blocked by Dave Bolland.
11:59 of 1st period - Slapshot by Ben Lovejoy.
11:59 of 1st period - Deflect By Zach Bogosian.
11:59 of 1st period - Stopped by Steve Mason with a rebound.
12:01 of 1st period - Snap shot by Ben Lovejoy.
12:01 of 1st period - Shot Misses the Net.
12:38 of 1st period - Joe Colborne is hit by Radim Vrbata.
12:42 of 1st period - Ben Lovejoy is hit by Joe Colborne.
13:23 of 1st period - Wrist shot by Kyle Turris.
13:23 of 1st period - Stopped by Pekka Rinne with a rebound.
13:48 of 1st period - Wrist shot by Mathieu Perreault.
13:48 of 1st period - Stopped by Steve Mason without a rebound.
13:49 of 1st period - Mike Ribeiro wins face-off versus Jonathan Toews in Senators zone.
14:48 of 1st period - Slapshot by Steve Downie.
14:48 of 1st period - Stopped by Pekka Rinne without a rebound.
14:49 of 1st period - Maxim Lapierre wins face-off versus Boone Jenner in Canadiens zone.
14:49 of 1st period - Maxim Lapierre is hit by Boone Jenner.
15:03 of 1st period - Braydon Coburn is hit by Dion Phaneuf and loses puck.
15:18 of 1st period - Joe Colborne is hit by Braydon Coburn and loses puck.
15:20 of 1st period - Minor Penalty to Valeri Nichushkin for Hooking.
15:21 of 1st period - Boone Jenner wins face-off versus Mike Ribeiro in Senators zone.
15:21 of 1st period - Boone Jenner is hit by Ryan Callahan.
17:20 of 1st period - Penalty to Valeri Nichushkin is over, Valeri Nichushkin is back on ice.
17:44 of 1st period - Minor Penalty to Kevin Bieksa for Tripping.
17:45 of 1st period - Maxim Lapierre wins face-off versus Jonathan Toews in Canadiens zone.
17:59 of 1st period - Wrist shot by Alex Goligoski.
17:59 of 1st period - Stopped by Steve Mason with a rebound.
18:01 of 1st period - Slapshot by Alex Goligoski.
18:01 of 1st period - Stopped by Steve Mason without a rebound.
18:02 of 1st period - Maxim Lapierre wins face-off versus Jonathan Toews in Senators zone.
18:19 of 1st period - Slapshot by Alex Goligoski.
18:19 of 1st period - Shot Misses the Net.
18:21 of 1st period - Wrist shot by Gregory Campbell.
18:21 of 1st period - Stopped by Steve Mason without a rebound.
18:22 of 1st period - Jonathan Toews wins face-off versus Maxim Lapierre in Senators zone.
18:27 of 1st period - Gregory Campbell is hit by Jonathan Toews and loses puck.
18:48 of 1st period - Wrist shot by Gregory Campbell.
18:48 of 1st period - Stopped by Steve Mason without a rebound.
18:49 of 1st period - Maxim Lapierre wins face-off versus Kyle Turris in Senators zone.
18:50 of 1st period - Snap shot by Alex Goligoski.
18:50 of 1st period - Stopped by Steve Mason without a rebound.
18:51 of 1st period - Maxim Lapierre wins face-off versus Kyle Turris in Senators zone.
19:44 of 1st period - Penalty to Kevin Bieksa is over, Kevin Bieksa is back on ice.
19:44 of 1st period - Dennis Seidenberg is hit by Zach Bogosian and loses puck.
Goals for this period are 0 for Senators vs 1 for Canadiens.
Shots for this period are 7 for Senators vs 20 for Canadiens.

2nd period


0:01 of 2nd period - Jonathan Toews wins face-off versus Mike Ribeiro in neutral zone.
0:22 of 2nd period - Slapshot by Mike Ribeiro.
0:22 of 2nd period - Deflect By Mathieu Perreault.
0:22 of 2nd period - Stopped by Steve Mason with a rebound.
0:24 of 2nd period - Backhand shot by Alex Goligoski.
0:24 of 2nd period - Shot Blocked by Zach Bogosian.
0:28 of 2nd period - Wrist shot by Mike Ribeiro.
0:28 of 2nd period - Shot Misses the Net.
0:30 of 2nd period - Slapshot by Dennis Seidenberg.
0:30 of 2nd period - Deflect By Mike Ribeiro.
0:30 of 2nd period - Stopped by Steve Mason without a rebound.
0:31 of 2nd period - Radim Vrbata wins face-off versus Kyle Turris in Senators zone.
0:44 of 2nd period - Snap shot by Radim Vrbata.
0:44 of 2nd period - Shot Misses the Net.
0:46 of 2nd period - Slapshot by Francois Beauchemin.
0:46 of 2nd period - Stopped by Steve Mason without a rebound.
0:47 of 2nd period - Joe Thornton wins face-off versus Phil Kessel in Senators zone.
1:21 of 2nd period - Minor Penalty to Dion Phaneuf for Holding.
1:22 of 2nd period - Mike Ribeiro wins face-off versus Boone Jenner in Senators zone.
1:32 of 2nd period - Slapshot by Ryan Callahan.
1:32 of 2nd period - Shot Misses the Net.
1:34 of 2nd period - Wrist shot by Mike Ribeiro.
1:34 of 2nd period - Stopped by Steve Mason without a rebound.
1:35 of 2nd period - Mike Ribeiro wins face-off versus Boone Jenner in Senators zone.
2:14 of 2nd period - Minor Penalty to Boone Jenner for Hooking.
2:15 of 2nd period - Jonathan Toews wins face-off versus Joe Thornton in Senators zone.
2:15 of 2nd period - Jonathan Toews is hit by Justin Abdelkader.
3:21 of 2nd period - Penalty to Dion Phaneuf is over, Dion Phaneuf is back on ice.
3:23 of 2nd period - Johnny Boychuk is hit by Ryan Callahan and loses puck.
4:14 of 2nd period - Penalty to Boone Jenner is over, Boone Jenner is back on ice.
4:50 of 2nd period - Snap shot by Phil Kessel.
4:50 of 2nd period - Shot Blocked by Alex Goligoski.
4:54 of 2nd period - Snap shot by Kyle Turris.
4:54 of 2nd period - Stopped by Pekka Rinne without a rebound.
4:55 of 2nd period - Boone Jenner wins face-off versus Gregory Campbell in Canadiens zone.
5:10 of 2nd period - Slapshot by Boone Jenner.
5:10 of 2nd period - Stopped by Pekka Rinne without a rebound.
5:11 of 2nd period - Boone Jenner wins face-off versus Gregory Campbell in Canadiens zone.
5:24 of 2nd period - Slapshot by Jaromir Jagr.
5:24 of 2nd period - Stopped by Steve Mason without a rebound.
5:25 of 2nd period - Kyle Turris wins face-off versus Mike Ribeiro in Senators zone.
5:30 of 2nd period - Wrist shot by Kyle Turris.
5:30 of 2nd period - Stopped by Pekka Rinne without a rebound.
5:31 of 2nd period - Mike Ribeiro wins face-off versus Kyle Turris in Canadiens zone.
5:54 of 2nd period - Snap shot by Mike Ribeiro.
5:54 of 2nd period - Stopped by Steve Mason with a rebound.
6:08 of 2nd period - Slapshot by Phil Kessel.
6:08 of 2nd period - Shot Blocked by Ben Lovejoy.
6:50 of 2nd period - Snap shot by Patrick Eaves.
6:50 of 2nd period - Shot Misses the Net.
7:05 of 2nd period - Jonathan Toews is hit by Dennis Seidenberg and loses puck.
7:14 of 2nd period - Snap shot by Joe Thornton.
7:14 of 2nd period - Stopped by Steve Mason with a rebound.
7:16 of 2nd period - Slapshot by Braydon Coburn.
7:16 of 2nd period - Deflect By Joe Thornton.
7:16 of 2nd period - Shot Misses the Net.
7:16 of 2nd period - Puck is out of play.
7:17 of 2nd period - Boone Jenner wins face-off versus Gregory Campbell in Senators zone.
7:34 of 2nd period - Backhand shot by Jaromir Jagr.
7:34 of 2nd period - Shot Misses the Net.
7:40 of 2nd period - Wrist shot by Boone Jenner.
7:40 of 2nd period - Stopped by Pekka Rinne with a rebound.
7:42 of 2nd period - Snap shot by Valeri Nichushkin.
7:42 of 2nd period - Shot Blocked by Gregory Campbell.
7:44 of 2nd period - Wrist shot by Boone Jenner.
7:44 of 2nd period - Stopped by Pekka Rinne with a rebound.
7:46 of 2nd period - Slapshot by Joe Colborne.
7:46 of 2nd period - Stopped by Pekka Rinne without a rebound.
7:47 of 2nd period - Joe Thornton wins face-off versus Kyle Turris in Canadiens zone.
8:41 of 2nd period - Ben Lovejoy is hit by Steve Downie and loses puck.
9:02 of 2nd period - Dion Phaneuf is hit by Kevin Bieksa and loses puck.
10:09 of 2nd period - Icing by Francois Beauchemin.
10:10 of 2nd period - Kyle Turris wins face-off versus Maxim Lapierre in Canadiens zone.
10:15 of 2nd period - Snap shot by Phil Kessel.
10:15 of 2nd period - Shot Misses the Net.
10:31 of 2nd period - Kyle Turris is hit by Maxim Lapierre and loses puck.
11:26 of 2nd period - Snap shot by Jonathan Toews.
11:26 of 2nd period - Stopped by Pekka Rinne with a rebound.
12:48 of 2nd period - Minor Penalty to Dave Bolland for Holding.
12:49 of 2nd period - Ryan Callahan wins face-off versus Boone Jenner in Senators zone.
14:34 of 2nd period - Icing by Mike Ribeiro.
14:35 of 2nd period - Mike Ribeiro wins face-off versus Joe Colborne in Canadiens zone.
14:48 of 2nd period - Penalty to Dave Bolland is over, Dave Bolland is back on ice.
15:22 of 2nd period - Johnny Oduya is hit by Patrick Eaves.
15:48 of 2nd period - Snap shot by Jake Gardiner.
15:48 of 2nd period - Stopped by Pekka Rinne with a rebound.
15:50 of 2nd period - Slapshot by Johnny Oduya.
15:50 of 2nd period - Shot Misses the Net.
15:52 of 2nd period - Wrist shot by Kyle Chipchura.
15:52 of 2nd period - Shot Misses the Net.
15:54 of 2nd period - Slapshot by Steve Downie.
15:54 of 2nd period - Shot Misses the Net.
15:56 of 2nd period - Snap shot by Dave Bolland.
15:56 of 2nd period - Shot Blocked by Dennis Seidenberg.
16:04 of 2nd period - Snap shot by Dave Bolland.
16:04 of 2nd period - Stopped by Pekka Rinne with a rebound.
16:06 of 2nd period - Slapshot by Kyle Chipchura.
16:06 of 2nd period - Shot Misses the Net.
16:30 of 2nd period - Wrist shot by Jonathan Toews.
16:30 of 2nd period - Deflect By Jarome Iginla.
16:30 of 2nd period - Shot Blocked by Patrick Dwyer.
16:30 of 2nd period - Puck is out of play.
16:31 of 2nd period - Boone Jenner wins face-off versus Joe Thornton in Canadiens zone.
16:54 of 2nd period - Wrist shot by Justin Abdelkader.
16:54 of 2nd period - Shot Misses the Net.
18:07 of 2nd period - Minor Penalty to Ben Lovejoy for Roughing.
18:08 of 2nd period - Maxim Lapierre wins face-off versus Jonathan Toews in Canadiens zone.
18:57 of 2nd period - Wrist shot by Kyle Turris.
18:57 of 2nd period - Shot Misses the Net.
18:59 of 2nd period - Wrist shot by Kyle Turris.
18:59 of 2nd period - Deflect By Braydon Coburn.
18:59 of 2nd period - Stopped by Pekka Rinne with a rebound.
19:42 of 2nd period - Snap shot by Phil Kessel.
19:42 of 2nd period - Stopped by Pekka Rinne with a rebound.
Goals for this period are 0 for Senators vs 0 for Canadiens.
Shots for this period are 11 for Senators vs 7 for Canadiens.

3rd period


0:01 of 3rd period - Jonathan Toews wins face-off versus Maxim Lapierre in neutral zone.
0:06 of 3rd period - Maxim Lapierre is hit by Dion Phaneuf and loses puck.
0:07 of 3rd period - Penalty to Ben Lovejoy is over, Ben Lovejoy is back on ice.
0:17 of 3rd period - Alex Goligoski is hit by Johnny Boychuk and loses puck.
0:28 of 3rd period - Wrist shot by Jarome Iginla.
0:28 of 3rd period - Shot Blocked by Braydon Coburn.
0:54 of 3rd period - Boone Jenner is hit by Mathieu Perreault and loses puck.
1:17 of 3rd period - Alex Goligoski is hit by Dion Phaneuf and loses puck.
2:44 of 3rd period - Wrist shot by Phil Kessel.
2:44 of 3rd period - Shot Blocked by Francois Beauchemin.
2:46 of 3rd period - Wrist shot by Johnny Oduya.
2:46 of 3rd period - Shot Blocked by Patrick Eaves.
2:48 of 3rd period - Slapshot by Jake Gardiner.
2:48 of 3rd period - Deflect By Phil Kessel.
2:48 of 3rd period - Shot Misses the Net.
2:48 of 3rd period - Puck is out of play.
2:49 of 3rd period - Mike Ribeiro wins face-off versus Jonathan Toews in Canadiens zone.
3:41 of 3rd period - Joe Colborne is hit by Gregory Campbell and loses puck.
4:29 of 3rd period - Wrist shot by Phil Kessel.
4:29 of 3rd period - Shot Blocked by Joe Thornton.
4:55 of 3rd period - Wrist shot by Steve Downie.
4:55 of 3rd period - Shot Blocked by Braydon Coburn.
5:03 of 3rd period - Wrist shot by Steve Downie.
5:03 of 3rd period - Shot Blocked by Braydon Coburn.
5:05 of 3rd period - Slapshot by Kyle Chipchura.
5:05 of 3rd period - Stopped by Pekka Rinne with a rebound.
5:09 of 3rd period - Snap shot by Jake Gardiner.
5:09 of 3rd period - Stopped by Pekka Rinne with a rebound.
5:11 of 3rd period - Slapshot by Johnny Oduya.
5:11 of 3rd period - Senators goal is going for a video replay.
5:11 of 3rd period - The goal is good.
5:11 of 3rd period - Goal by Johnny Oduya - Senators : 1 - Canadiens : 1.
5:12 of 3rd period - Mike Ribeiro wins face-off versus Jonathan Toews in neutral zone.
5:15 of 3rd period - Tyler Myers is hit by Ryan Callahan and loses puck.
5:24 of 3rd period - Wrist shot by Jonathan Toews.
5:24 of 3rd period - Stopped by Pekka Rinne with a rebound.
5:26 of 3rd period - Snap shot by Jarome Iginla.
5:26 of 3rd period - Goal by Jarome Iginla - Senators : 2 - Canadiens : 1.
5:27 of 3rd period - Mike Ribeiro wins face-off versus Jonathan Toews in neutral zone.
5:44 of 3rd period - Snap shot by Jonathan Toews.
5:44 of 3rd period - Stopped by Pekka Rinne without a rebound.
5:45 of 3rd period - Jonathan Toews wins face-off versus Mike Ribeiro in Canadiens zone.
5:48 of 3rd period - Wrist shot by Michael Grabner.
5:48 of 3rd period - Shot Misses the Net.
6:10 of 3rd period - Wrist shot by Jonathan Toews.
6:10 of 3rd period - Stopped by Pekka Rinne with a rebound.
6:12 of 3rd period - Wrist shot by Jonathan Toews.
6:12 of 3rd period - Shot Misses the Net.
6:38 of 3rd period - Wrist shot by Justin Abdelkader.
6:38 of 3rd period - Stopped by Steve Mason without a rebound.
6:39 of 3rd period - Joe Thornton wins face-off versus Valeri Nichushkin in Senators zone.
7:32 of 3rd period - Phil Kessel is hit by Dennis Seidenberg and loses puck.
7:39 of 3rd period - Slapshot by Jaromir Jagr.
7:39 of 3rd period - Deflect By Patrick Eaves.
7:39 of 3rd period - Stopped by Steve Mason with a rebound.
7:41 of 3rd period - Wrist shot by Maxim Lapierre.
7:41 of 3rd period - Stopped by Steve Mason with a rebound.
7:59 of 3rd period - Maxim Lapierre is hit by Phil Kessel and loses puck.
9:12 of 3rd period - Snap shot by Joe Thornton.
9:12 of 3rd period - Stopped by Steve Mason with a rebound.
9:26 of 3rd period - Backhand shot by Alex Goligoski.
9:26 of 3rd period - Stopped by Steve Mason with a rebound.
9:34 of 3rd period - Wrist shot by Jaromir Jagr.
9:34 of 3rd period - Shot Misses the Net.
9:36 of 3rd period - Wrist shot by Dennis Seidenberg.
9:36 of 3rd period - Shot Misses the Net.
9:38 of 3rd period - Slapshot by Alex Goligoski.
9:38 of 3rd period - Stopped by Steve Mason without a rebound.
9:39 of 3rd period - Mike Ribeiro wins face-off versus Boone Jenner in Senators zone.
9:45 of 3rd period - Minor Penalty to Valeri Nichushkin for High sticking.
9:46 of 3rd period - Boone Jenner wins face-off versus Joe Thornton in Senators zone.
10:00 of 3rd period - Snap shot by Justin Abdelkader.
10:00 of 3rd period - Stopped by Steve Mason with a rebound.
10:27 of 3rd period - Off-side.
10:28 of 3rd period - Mike Ribeiro wins face-off versus Boone Jenner in neutral zone.
11:41 of 3rd period - Snap shot by Boone Jenner.
11:41 of 3rd period - Shot Blocked by Alex Goligoski.
11:45 of 3rd period - Penalty to Valeri Nichushkin is over, Valeri Nichushkin is back on ice.
12:00 of 3rd period - Snap shot by Loui Eriksson.
12:00 of 3rd period - Stopped by Pekka Rinne without a rebound.
12:01 of 3rd period - Maxim Lapierre wins face-off versus Kyle Turris in Canadiens zone.
12:14 of 3rd period - Wrist shot by Jaromir Jagr.
12:14 of 3rd period - Deflect By Patrick Eaves.
12:14 of 3rd period - Shot Misses the Net.
12:14 of 3rd period - Puck is out of play.
12:15 of 3rd period - Maxim Lapierre wins face-off versus Kyle Chipchura in Senators zone.
13:25 of 3rd period - Minor Penalty to Kevin Bieksa for Hooking.
13:26 of 3rd period - Jonathan Toews wins face-off versus Maxim Lapierre in Canadiens zone.
13:34 of 3rd period - Wrist shot by Loui Eriksson.
13:34 of 3rd period - Shot Misses the Net.
13:36 of 3rd period - Slapshot by Dion Phaneuf.
13:36 of 3rd period - Shot Misses the Net.
13:42 of 3rd period - Snap shot by Loui Eriksson.
13:42 of 3rd period - Stopped by Pekka Rinne with a rebound.
13:44 of 3rd period - Wrist shot by Loui Eriksson.
13:44 of 3rd period - Shot Blocked by Alex Goligoski.
13:46 of 3rd period - Snap shot by Johnny Boychuk.
13:46 of 3rd period - Shot Blocked by Braydon Coburn.
13:48 of 3rd period - Slapshot by Dion Phaneuf.
13:48 of 3rd period - Deflect By Loui Eriksson.
13:48 of 3rd period - Shot Misses the Net.
13:48 of 3rd period - Puck is out of play.
13:49 of 3rd period - Maxim Lapierre wins face-off versus Kyle Turris in Canadiens zone.
14:48 of 3rd period - Icing by Johnny Boychuk.
14:49 of 3rd period - Jonathan Toews wins face-off versus Joe Thornton in Senators zone.
14:54 of 3rd period - Alex Goligoski is hit by Jarome Iginla and loses puck.
15:25 of 3rd period - Penalty to Kevin Bieksa is over, Kevin Bieksa is back on ice.
16:32 of 3rd period - Slapshot by Michael Grabner.
16:32 of 3rd period - Shot Misses the Net.
16:34 of 3rd period - Slapshot by Johnny Oduya.
16:34 of 3rd period - Deflect By Mathieu Perreault.
16:34 of 3rd period - Stopped by Pekka Rinne without a rebound.
16:35 of 3rd period - Jonathan Toews wins face-off versus Mike Ribeiro in Canadiens zone.
17:10 of 3rd period - Wrist shot by Boone Jenner.
17:10 of 3rd period - Shot Blocked by Jordie Benn.
17:12 of 3rd period - Snap shot by Joe Colborne.
17:12 of 3rd period - Stopped by Pekka Rinne without a rebound.
17:13 of 3rd period - Gregory Campbell wins face-off versus Boone Jenner in Canadiens zone.
17:36 of 3rd period - Snap shot by Jaromir Jagr.
17:36 of 3rd period - Deflect By Boone Jenner.
17:36 of 3rd period - Shot Misses the Net.
17:36 of 3rd period - Puck is out of play.
17:37 of 3rd period - Joe Thornton wins face-off versus Kyle Turris in Senators zone.
17:48 of 3rd period - Wrist shot by Radim Vrbata.
17:48 of 3rd period - Shot Blocked by Jake Gardiner.
17:58 of 3rd period - Wrist shot by Loui Eriksson.
17:58 of 3rd period - Stopped by Pekka Rinne with a rebound.
18:00 of 3rd period - Wrist shot by Kyle Turris.
18:00 of 3rd period - Deflect By Phil Kessel.
18:00 of 3rd period - Shot Blocked by Joe Thornton.
18:00 of 3rd period - Puck is out of play.
18:01 of 3rd period - Mike Ribeiro wins face-off versus Michael Grabner in Canadiens zone.
18:03 of 3rd period - Minor Penalty to Ryan Callahan for Roughing.
18:04 of 3rd period - Jonathan Toews wins face-off versus Maxim Lapierre in Canadiens zone.
18:04 of 3rd period - Snap shot by Jarome Iginla.
18:04 of 3rd period - Goal by Jarome Iginla - Senators : 3 - Canadiens : 1.
18:05 of 3rd period - Jonathan Toews wins face-off versus Mike Ribeiro in neutral zone.
18:32 of 3rd period - Wrist shot by Mathieu Perreault.
18:32 of 3rd period - Shot Misses the Net.
18:34 of 3rd period - Snap shot by Ryan Callahan.
18:34 of 3rd period - Stopped by Steve Mason without a rebound.
18:35 of 3rd period - Maxim Lapierre wins face-off versus Kyle Turris in Senators zone.
18:56 of 3rd period - Slapshot by Loui Eriksson.
18:56 of 3rd period - Stopped by Pekka Rinne with a rebound.
19:37 of 3rd period - Boone Jenner is hit by Radim Vrbata and loses puck.
19:50 of 3rd period - Snap shot by Joe Thornton.
19:50 of 3rd period - Shot Blocked by Tyler Myers.
19:52 of 3rd period - Slapshot by Braydon Coburn.
19:52 of 3rd period - Deflect By Radim Vrbata.
19:52 of 3rd period - Shot Misses the Net.
19:52 of 3rd period - Puck is out of play.
19:53 of 3rd period - Jonathan Toews wins face-off versus Mike Ribeiro in Senators zone.
19:53 of 3rd period - Jonathan Toews is hit by Mike Ribeiro.
Goals for this period are 3 for Senators vs 0 for Canadiens.
Shots for this period are 14 for Senators vs 8 for Canadiens.